 Dungeon Crawl Stone Soup version 0.20.1-1-g8b1a95d66d (webtiles) character file.

73 Jannitor the Cutter (level 4, -1/28 HPs)
             Began as a Deep Elf Chaos Knight on Dec 27, 2017.
             Killed from afar by a smoke demon (6 damage)
             ... with a sticky flame
             ... summoned by Xom
             ... on level 2 of the Dungeon on Dec 28, 2017.
             The game lasted 00:04:20 (1660 turns).

Jannitor the Cutter (Deep Elf Chaos Knight)         Turns: 1660, Time: 00:04:21

Health: -1/28      AC:  5    Str:  8 (9)  XL:     4   Next: 8%
Magic:  0/2        EV: 12    Int: 18      God:    Xom [......]
Gold:   54         SH:  0    Dex: 14      Spells: 3/3 levels left

rFire    . . .     SeeInvis .   n - +2 dagger (antimagic)
rCold    . . .     Gourm    .   (no shield)
rNeg     . . .     Faith    .   b - +2 leather armour
rPois    .         Spirit   +   (no helmet)
rElec    .         Reflect  .   d - scarf {Spirit}
rCorr    .         Harm     .   (no gloves)
MR       .....     Clarity  +   (no boots)
Stlth    +.........             (no amulet)
Regen    0.1/turn               k - ring of flight
MPRegen  0.1/turn               (no ring)

@: liquid flames, about to teleport, glowing
A: clarity, deterioration 1
a: Renounce Religion, Evoke Flight


You were on level 2 of the Dungeon.
You worshipped Xom.
You were a very special plaything of Xom.
You were hungry.

You visited 1 branch of the dungeon, and saw 2 of its levels.

You collected 54 gold pieces.

Inventory:

Hand Weapons
 a - a +0 short sword of chaos
 n - a +2 antimagic dagger (weapon)
Missiles
 o - 7 curare-tipped needles
Armour
 b - a +2 leather armour (worn)
 d - a scarf of spirit shield (worn)
Jewellery
 k - a ring of flight (left hand)
Scrolls
 e - a scroll of identify {unknown}
 g - a scroll of remove curse
 i - a scroll of enchant weapon {unknown}
 j - a scroll of amnesia {unknown}
Potions
 f - 2 potions of haste {unknown}
 l - a potion of curing {unknown}
 m - a potion of flight {unknown}
 p - a potion of might
 q - a potion of degeneration {unknown}
 r - a potion of berserk rage {unknown}
Comestibles
 c - a bread ration


   Skills:
 + Level 3.3 Fighting
 + Level 4.1 Short Blades
 - Level 0.7 Armour
 - Level 2.4 Dodging


You had 3 spell levels left.
You didn't know any spells.

Dungeon Overview and Level Annotations

Branches:
Dungeon (2/15)

Altars:
Ashenzari
Ru


Innate Abilities, Weirdness & Mutations

You possess an exceptional clarity of mind.
Your body sometimes deteriorates upon taking damage.


Message History

Your surroundings suddenly seem different.
You are feeling hungry.
You hear Xom's maniacal laughter.
There are monsters nearby!
As you read the scroll labeled FOADDE SYFIOT, it crumbles to dust.
You feel blessed for a moment.
It was a scroll of remove curse.
The neqoxec barely misses you.
As you read the scroll labeled TAFIER COYKITZ, it crumbles to dust.
You feel strangely unstable.
It was a scroll of teleportation.
The smoke demon gestures at you. The ball of steam hits you!
Ouch! That really hurt!
* * * LOW HITPOINT WARNING * * *
Your body deteriorates!
You feel weakened. The neqoxec gestures at you.
Something tries to feed on your intellect!
The smoke demon gestures at you. The sticky flame hits you!
You are covered in liquid flames!
You die...

#.......# #.......########
###..............#
#............###.#
#.#.......##.# #.#
#.#.......##)###.######
#.#...........33......####
#.####.#.####.§§§........#
##.####.#.......@§#.##(##.#
........#..######§#.##.##.#
##.###........# #.#.# .##.#
...# ##.#..##.# #.#.# ..#.#
.######.#..##.###.#.# #.#.#
.# #..............#.# #.#.#
.# #.......##.###.#.# #.#<#
.# #................# #...#
)###......###.#...### #.###


You could see a smoke demon and a neqoxec.

Vanquished Creatures
  2 adders (D:2)
  An ooze (D:2)
  A dart slug (D:2)
  2 ball pythons (D:1)
  5 bats
  A giant cockroach (D:2)
  7 goblins
  11 hobgoblins
  5 jackals (D:1)
  A frilled lizard (D:2)
  A kobold (D:2)
  5 rats
42 creatures vanquished.

Notes
Turn   | Place    | Note
-------+----------+-------------------------------------------
     0 | D:1      | Jannitor the Deep Elf Chaos Knight began the quest for the Orb.
     0 | D:1      | Reached XP level 1. HP: 13/13 MP: 3/3
     0 | D:1      | XOM: harmless Hex miscast
    59 | D:1      | XOM: stat loss: -1 Dex (13/14)
   141 | D:1      | XOM: smoke on damage
   173 | D:1      | XOM: summons 4 hostile shadow creatures
   476 | D:1      | Reached XP level 2. HP: 18/18 MP: 4/4
   570 | D:1      | Found a shattered altar of Ashenzari.
   787 | D:1      | XOM: harmless Hex miscast
  1000 | D:1      | Found a sacrificial altar of Ru.
  1170 | D:2      | Reached XP level 3. HP: 20/22 MP: 5/5
  1235 | D:2      | XOM: summons 1 hostile shadow creature
  1321 | D:2      | XOM: 8-stop teleportation journey
  1331 | D:2      | Reached skill level 4 in Short Blades
  1334 | D:2      | XOM: confusion
  1468 | D:2      | XOM: give mutations
  1468 | D:2      | Gained mutation: You are frail. (-10% HP) [Xom's mischief]
  1468 | D:2      | Gained mutation: You possess an exceptional clarity of mind. [Xom's mischief]
  1468 | D:2      | Gained mutation: Your body sometimes deteriorates upon taking damage. [Xom's mischief]
  1468 | D:2      | Lost mutation: You are frail. (-10% HP) [Xom's mischief]
  1504 | D:2      | Reached XP level 4. HP: 26/28 MP: 2/6
  1564 | D:2      | XOM: 5-stop teleportation journey
  1648 | D:2      | XOM: 1-stop teleportation journey
  1657 | D:2      | XOM: summons 2 hostile demons
  1658 | D:2      | Noticed a smoke demon
  1658 | D:2      | Noticed a neqoxec
  1660 | D:2      | Killed from afar by a smoke demon

Skill      XL: |  1  2  3 |
---------------+----------+-----
Fighting       | 3 |  3.3
Short Blades   | 4 |  4.1
Armour         | |  0.7
Dodging        | |  2.4

Action                   |  1- 3 |  4- 6 || total
-------------------------+-------+-------++-------
Melee: Short sword       |    99 |       ||    99
       Dagger            |    48 |    11 ||    59
  Use: Potion            |     2 |       ||     2
       Scroll            |       |     2 ||     2
 Stab: Sleeping          |     2 |       ||     2
  Eat: Chunk             |     2 |       ||     2
Armor: Leather armour    |    43 |     2 ||    45
Dodge: Dodged            |   107 |     4 ||   111
